AoeStats
← NaiserPC

Pilgrims

510215682Analyzed
3v3 RM · 3d ago on Sep 30, 2026· 22m 0s· 6 players
Game mode
Random Map
Map size
Normal (6 player)
Population
200
Speed
Normal
Resources
Standard
Victory
Conquest
Starting age
Dark Age
Ending age
Imperial Age
RankedLock teamsTeams togetherTeam positionsShared explorationLock speedFull tech treeHidden civsTurbo modeCheats
Victory
Defeat
🇨🇱 Gurjaras · Chile
938
+13
🇨🇱 Italians · Chile
909
+14
🇦🇷 Malay · Argentina
887
+15
🇺🇸 Bulgarians · United States
876
-14
🇺🇸 Romans · United States
873
-14
🇺🇸 Mapuche · United States
865
-14
Necropulpectomía
11:54 Feudal Age
13:44 Wheelbarrow
12:55 Loom
12:59 Double-Bit Axe
13:50 Forging
13:39 Gold Mining
13:47 Man-at-Arms
14:34 Scale Mail Armor
14:57 Arson
20:24 Castle Age
19:42 Horse Collar
20:25 Long Swordsman
21:07 Squires
21:24 Chain Mail Armor
21:44 Iron Casting
22:16 Hand Cart
pdepardo
11:46 Feudal Age
21:00 Castle Age
22:18 Double-Bit Axe
[M] Nico
5:10 Loom
11:41 Feudal Age
17:27 Castle Age
18:10 Scale Barding Armor
20:06 Forging
22:46 Iron Casting
Danny_On_PC
12:14 Loom
15:37 Feudal Age
19:00 Gold Mining
20:13 Arson
Zekkie
10:08 Loom
12:49 Feudal Age
13:49 Fishing Lines
14:18 Double-Bit Axe
14:16 Horse Collar
15:36 Champi Runner
21:05 Castle Age
21:25 Stone Mining
21:33 Gold Mining
21:16 Pikeman
NaiserPC
6:35 Loom
13:01 Feudal Age
13:16 Man-at-Arms
17:55 Horse Collar
19:52 Forging
19:43 Scale Mail Armor
22:21 Castle Age
Connection lost

Rejoining the realm…

Still unreachable

The connection could not be restored.

Session expired

The server has moved on; the page needs a fresh start.